 Dungeon Crawl Stone Soup version 0.30-a0-782-ge64f9170bb (webtiles) character file.

Game seed: 12987159040390812911

43 Leeroy the Slasher (level 3, 0/19 HPs)
             Began as a Vine Stalker Monk on Mar 7, 2023.
             Succumbed to an adder's poison
             ... on level 2 of the Dungeon.
             The game lasted 00:01:43 (783 turns).

Leeroy the Slasher (Vine Stalker Monk)               Turns: 783, Time: 00:01:43

Health: 0/19       AC:  2    Str: 13    XL:     3   Next: 58%
Magic:  4/4        EV: 13    Int: 10    God:
Gold:   36         SH:  0    Dex: 18    Spells: 2/2 levels left

rFire   . . .      SeeInvis .    a - +0 falchion
rCold   . . .      Faith    .    (no shield)
rNeg    . . .      Spirit   +    b - +0 robe
rPois   .          Reflect  .    (no helmet)
rElec   .          Harm     .    i - scarf {shadows}
rCorr   .          Rampage  .    (no gloves)
Will    .....                    (no boots)
Stlth   ++                       (no amulet)
HPRegen 0.23/turn                h - ring of wizardry
MPRegen 0.09/turn                (no ring)

@: lethally poisoned (0 -> -1)
A: fangs 2, magic shield, antimagic bite, no potion heal 2
a: no special abilities


You were on level 2 of the Dungeon.
You visited 1 branch of the dungeon, and saw 2 of its levels.

You collected 36 gold pieces.

Inventory:

Hand Weapons
 a - a +0 falchion (weapon)
Armour
 b - a +0 robe (worn)
 i - a scarf of shadows (worn)
Jewellery
 h - a ring of wizardry (left hand)
Scrolls
 d - a scroll of identify {unknown}
 e - a scroll of vulnerability {unknown}
 g - a scroll of teleportation {unknown}
 j - a scroll of enchant weapon {unknown}
Potions
 c - a potion of ambrosia
 f - a potion of haste {unknown}


   Skills:
 - Level 2.6 Fighting
 + Level 4.1 Long Blades
 - Level 2.4 Dodging
 - Level 2.4 Stealth


You had 2 spell levels left.
You didn't know any spells.
Your spell library contained the following spells:

 Spells                   Type           Power      Damage    Failure   Level
 Ensorcelled Hibernation  Hex/Ice        0%         N/A       22%         2
 Inner Flame              Hex/Fire       0%         N/A       41%         3
 Spider Form              Tmut/Pois      0%         N/A       41%         3
 Anguish                  Hex/Necr       0%         N/A       80%         4
 Flame Wave               Conj/Fire      0%         2d4       80%         4
 Sticky Flame             Conj/Fire      0%         2d3       80%         4


Dungeon Overview and Level Annotations

Branches:
Dungeon (2/15)

Altars:


Innate Abilities, Weirdness & Mutations

You have extremely sharp teeth.
When hurt, damage is shared between your health and your magic reserves.
Your bite disrupts and absorbs the magic of your enemies.
Potions cannot restore your health.


Message History

The adder barely misses you.
You closely miss the adder. You bite the adder. You drain its power.
You feel invigorated.
The adder is lightly wounded.
The adder bites you.
You closely miss the adder. You bite the adder. You drain its power.
The adder is heavily wounded.
The adder barely misses you. The adder misses you.
You closely miss the adder. Your bite misses the adder.
The adder is heavily wounded.
The adder closely misses you.
You hit the adder.
The adder is heavily wounded.
The adder misses you.
You completely miss the adder.
The adder is heavily wounded.
The adder bites you. The adder misses you.
You hit the adder but do no damage. You bite the adder, but do no damage.
The adder is heavily wounded.
The adder bites you.
You closely miss the adder. Your bite misses the adder.
The adder is heavily wounded.
The adder misses you. The adder bites you.
You are poisoned.
The adder poisons you!
You closely miss the adder.
The adder is heavily wounded.
* * * LOW HITPOINT WARNING * * *
You feel sick. The adder bites you.
* * * LOW HITPOINT WARNING * * *
You barely miss the adder. Your bite misses the adder.
The adder is heavily wounded.
* * * LOW HITPOINT WARNING * * *
You feel sick. The adder bites you.
* * * LOW HITPOINT WARNING * * *
The adder bites you but does no damage.
You closely miss the adder. You bite the adder. You drain its power.
You feel invigorated.
The adder is almost dead.
You die...

.#..~ .....~~~
...#..~. #
...##... .###
....##.####....
..........<....
.........†#
......<...#
........@.#
.....##S###
##### #.# #..
#... #... ..


You could see an adder.

Vanquished Creatures
  An adder (D:2)
  A dart slug (D:1)
  3 bats (D:1)
  5 endoplasms (D:1)
  2 giant cockroaches (D:1)
  6 goblins (D:1)
  2 hobgoblins (D:1)
  A kobold (D:1)
  4 ball pythons (D:1)
  3 frilled lizards (D:1)
  4 rats (D:1)
32 creatures vanquished.

Vanquished Creatures (others)
  A bat (D:1)
1 creature vanquished.

Grand Total: 33 creatures vanquished

Notes
Turn   | Place    | Note
-------+----------+-------------------------------------------
     0 | D:1      | Leeroy the Vine Stalker Monk began the quest for the Orb.
     0 | D:1      | Reached XP level 1. HP: 11/11 MP: 2/2
    57 | D:1      | Reached skill level 3 in Long Blades
   122 | D:1      | Found a faded altar of an unknown god.
   125 | D:1      | Reached XP level 2. HP: 16/16 MP: 3/3
   396 | D:1      | Reached XP level 3. HP: 19/19 MP: 4/4
   769 | D:2      | Reached skill level 4 in Long Blades
   783 | D:2      | Succumbed to an adder's poison

Illustrated notes

Levels and vault maps discovered:
D:1:      wander_arrival_estate, layout_loops_ring, basic_ecumenical_altar,
          lemuel_flame_loot_1
D:2:      layout_basic, serial_co_window_serial, co_window_paths_b,
          co_window_of_opportunity_a, co_window_corner_a, co_window_paths_a,
          co_window_of_opportunity_a, co_window_corner_a, co_window_broadway_c,
          co_window_unsneaky_path_d, co_window_corner_ca, co_window_4corner_a,
          co_window_sun, glass_columns_b, glass_columns_b, glass_columns_b,
          glass_columns_b, glass_columns_c, amcnicky_mini_pool_small,
          uniq_terence

Skill      XL: |  1  2  3 |
---------------+----------+-----
Long Blades    | 3 4 |  4.1
Fighting       | |  2.6
Dodging        | |  2.4
Stealth        | |  2.4

Action                     || total
---------------------------++-------
  Melee: Falchion          ||    64
         Bite              ||    15
   Stab: Sleeping          ||    11
         Distracted        ||     1
 Armour: Robe              ||     9
  Dodge: Dodged            ||    37

Table legend: (Time is in decaauts)
 A = Elapsed time spent in this place.
 B = Non-inter-level travel time spent in this place.
 C = Inter-level travel time spent in this place.
 D = Time resting spent in this place.
 E = Time spent auto-exploring this place.
 F = Levels seen in this place.
 G = Mean time per level.
                   A        B        C        D        E       F      G
               +--------+--------+--------+--------+--------+-----+--------+
         Total |    789 |    783 |      6 |      0 |    564 |   2 |  394.5 |
       Dungeon |    789 |    783 |      6 |      0 |    564 |   2 |  394.5 |
               +--------+--------+--------+--------+--------+-----+--------+

Top non-repeatable levels by time:
     D:1: 768 daAuts
     D:2: 20 daAuts
